 Dungeon Crawl Stone Soup version 0.29.0-4-gdea44cf6ec (webtiles) character file.

Game seed: 6183721133122818693

13279 qw the Severer (level 11, 0/97 (102) HPs)
             Began as a Minotaur Fighter on Sept 5, 2022.
             Was a Priest of Ru.
             Killed from afar by a lindwurm (28 damage)
             ... with a blast of flame
             ... on level 2 of the Lair of Beasts.
             The game lasted 00:03:58 (13629 turns).

qw the Severer (Minotaur Fighter)                  Turns: 13629, Time: 00:03:59

HP:   0/97 (102)    AC: 18    Str: 24    XL:     11   Next: 73%
MP:   10/10         EV: 23    Int:  5    God:    Ru [***...]
Gold: 625           SH:  5    Dex: 11    Spells: 10/10 levels left

rFire   . . .      SeeInvis +   Y - +4 war axe
rCold   . . .      Faith    .   c - +0 buckler
rNeg    . . .      Spirit   .   n - +0 chain mail
rPois   .          Reflect  .   p - +0 hat {Will+}
rElec   .          Harm     .   u - +0 cloak
rCorr   .          Rampage  .   (no gloves)
Will    +....                   o - +1 pair of boots
Stlth   ..........              s - amulet of the acrobat
HPRegen 0.26/turn               l - +4 ring of protection
MPRegen 0.12/turn               m - ring of see invisible

@: exhausted, acrobatic, lightly drained
A: horns 2, inability to use devices, inability to train dodging, retaliatory
headbutt
a: Renounce Religion, Draw Out Power


You were on level 2 of the Lair of Beasts.
You worshipped Ru.
Ru was most pleased with you.
You visited 3 branches of the dungeon, and saw 13 of its levels.

You collected 661 gold pieces.
You spent 36 gold pieces at shops.


Innate Abilities, Weirdness & Mutations

You have a pair of horns on your head.
You cannot study or use magical devices.
You cannot train Dodging skill.
You reflexively headbutt those who attack you in melee.


   Skills:
 - Level 11.1 Fighting
 - Level 17.1 Axes
 - Level 2.0 Throwing
 + Level 8.5 Armour
 - Level 7.2 Shields


You had 10 spell levels left.
You didn't know any spells.
Your spell library was empty.

Inventory:

Hand Weapons
 k - a +1 flail of protection
 Y - a +4 war axe (weapon)
Missiles
 r - a boomerang (quivered)
Armour
 c - a +0 buckler (worn)
 n - a +0 chain mail (worn)
 o - a +1 pair of boots (worn)
 p - a +0 hat of willpower (worn)
 u - a +0 cloak (worn)
Jewellery
 j - a +6 ring of strength
 l - a +4 ring of protection (left hand)
 m - a ring of see invisible (right hand)
 q - a ring of protection from fire
 s - an amulet of the acrobat (around neck)
Scrolls
 h - 4 scrolls of teleportation
 i - 10 scrolls of identify
Potions
 a - 2 potions of mutation
 d - 2 potions of might
 e - a potion of resistance
 f - 6 potions of curing
 g - 4 potions of haste

Dungeon Overview and Level Annotations

Branches:
Dungeon (10/15)            Temple (1/1) D:4            Lair (2/5) D:10
    Orc (0/2) D:10
  Swamp: Lair:2-3    Shoals: Lair:2-3     Snake: Lair:2-3    Spider: Lair:2-3

Altars:
Ashenzari
Cheibriados
Dithmenos
Elyvilon
Fedhas
Gozag
Hepliaklqana
Kikubaaqudgha
Makhleb
Nemelex Xobeh
Okawaru
Qazlal
Ru
Sif Muna
Trog
Uskayaw
Vehumet
Wu Jian
Xom
Yredelemnul
Zin
The Shining One

Shops:
D:1 (   D:2 !   D:3 *   D:10 (


Message History

The five-headed hydra bites you but does no damage.
You block the five-headed hydra's attack.
The five-headed hydra closely misses you.
The five-headed hydra barely misses you.
The five-headed hydra bites you but does no damage.
The lindwurm breathes flames at you. The blast of flame hits you!!
13616 ||| INVOKING Draw Out Power.
You are restored by drawing out deep reserves of power within.
You feel drained.
The five-headed hydra bites you but does no damage. x2
The five-headed hydra closely misses you.
You block the five-headed hydra's attack.
The five-headed hydra bites you!
13617 ||| DRINKING potion of heal wounds.
You feel much better.
The five-headed hydra bites you but does no damage.
The five-headed hydra bites you! The five-headed hydra bites you.
The five-headed hydra barely misses you.
The five-headed hydra bites you but does no damage.
The lindwurm bites you but does no damage.
You block the lindwurm's attack. The lindwurm barely misses you.
13618 ||| Stepping ~*~*~tactically~*~*~ (outnumbered).
Your surroundings suddenly seem different.
13619 ||| SWAPPING to +4 war axe.
Your +1 flail of protection goes still.
Y - a +4 war axe (weapon)
You start resting.
A lindwurm is nearby!
13626 ||| Stepping ~*~*~tactically~*~*~ (hiding).
A four-headed hydra comes into view.
The four-headed hydra roars!
13627 ||| FLEEEEING.
The lindwurm breathes flames at you. The blast of flame hits you.
13628 ||| Stepping ~*~*~tactically~*~*~ (hiding).
13629 ||| FLEEEEING.
The cane toad croaks.
The lindwurm breathes flames at you. The blast of flame hits you!!
You die...

###### ######
##..#..###P.P..##
.................
...........?...........
..................D....
.............@.........
.............#.###P.#..
.............### ##
P...#PPP...k..#
..........<..#
.#......<.....#
..../........F##.
.................
#......F#.......


You could see a four-headed hydra, a lindwurm (catching breath) and a cane toad.

Vanquished Creatures
  A two-headed ogre (D:8)
  3 death yaks
  A black mamba (Lair:1)
  5 cane toads (Lair:1)
  A rime drake (Lair:1)
  A komodo dragon (Lair:1)
  2 polar bears (Lair:1)
  2 trolls (D:10)
  11 blink frogs (Lair:1)
  A shadow (D:10)
  10 yaks
  2 steam dragons
  7 vampire mosquitoes (D:10)
  Menkaure (D:7)
  A water moccasin (D:6)
  A black bear (D:4)
  2 ice beasts (D:8)
  An ogre (D:6)
  2 centaurs
  2 phantoms
  A kobold brigand (D:5)
  A necrophage (D:7)
  5 bullfrogs
  A scorpion (D:7)
  4 wights (D:7)
  6 killer bees (D:9)
  A howler monkey (D:10)
  5 hounds
  An orc priest (D:6)
  A gnoll bouda (D:6)
  Ijyb (D:3)
  2 iguanas
  5 orc wizards
  6 gnolls
  4 adders
  2 river rats (D:3)
  A white imp (D:7)
  An ufetubus (D:5)
  A worm (D:3)
  2 dart slugs
  17 orcs
  6 endoplasms
  2 giant cockroaches
  11 goblins
  5 hobgoblins
  3 jackals (D:1)
  15 kobolds
  4 quokkas
  5 ball pythons
  6 bats (D:1)
  3 frilled lizards
  6 rats
191 creatures vanquished.

Vanquished Creatures (others)
  A catoblepas (Lair:1)
  A two-headed ogre (D:8)
  A frilled lizard (D:3)
  2 fungi (Lair:1)
  A plant (Lair:1)
6 creatures vanquished.

Grand Total: 197 creatures vanquished

Notes
Turn   | Place    | Note
-------+----------+-------------------------------------------
     0 | D:1      | qw the Minotaur Fighter began the quest for the Orb.
     0 | D:1      | Reached XP level 1. HP: 19/19 MP: 0/0
     0 | D:1      | 0 ||| qw: Version: 0.1-a-104-g96f76f8
     0 | D:1      | 0 ||| qw: Game counter: 5805
     0 | D:1      | 0 ||| qw: Always use a shield: true
     0 | D:1      | 0 ||| qw: God list: Ru
     0 | D:1      | 0 ||| qw: Allow faded altars: false
     0 | D:1      | 0 ||| qw: Do Orc after D:15 true
     0 | D:1      | 0 ||| qw: Do second Lair branch before Depths: true
     0 | D:1      | 0 ||| qw: Lair rune preference: random
     0 | D:1      | 0 ||| qw: Plans: Normal
     0 | D:1      | 0 ||| PLANNING D:1-11
    21 | D:1      | 21 ||| Stepping ~*~*~tactically~*~*~ (stealth).
   178 | D:1      | Found a faded altar of an unknown god.
   242 | D:1      | Reached skill level 3 in Axes
   364 | D:1      | Reached XP level 2. HP: 23/26 MP: 1/1
   586 | D:1      | Found Puretuwe's Antique Weapon Emporium.
   601 | D:1      | 601 ||| SHOPLISTING ancient hand axe (152 gold, have 46).
   601 | D:1      | 601 ||| SHOPLISTING smouldering mace (152 gold, have 46).
   613 | D:1      | Reached skill level 4 in Axes
   738 | D:1      | Reached XP level 3. HP: 31/31 MP: 2/2
   967 | D:1      | 967 ||| READING scroll labelled OLADAKU SOPNYS.
   968 | D:1      | 968 ||| READING scroll labelled UHABETT BEAL.
   969 | D:1      | 969 ||| READING 2 scrolls labelled VURAUSEQATO.
   970 | D:1      | 970 ||| READING scroll labelled MICOBR PIKLUM.
  1110 | D:1      | 1110 ||| DRINKING 3 murky black potions.
  1111 | D:1      | 1111 ||| DROPPING 2 potions of flight.
  1387 | D:2      | Found Uhio's Distillery.
  1393 | D:2      | 1393 ||| SHOPLISTING 2 potions of curing (72 gold, have
                  | 55).
  1393 | D:2      | 1393 ||| BUYING potion of curing (36 gold).
  1393 | D:2      | Bought a potion of curing for 36 gold pieces
  1393 | D:2      | 1393 ||| SHOPLISTING potion of heal wounds (60 gold, have
                  | 19).
  1443 | D:2      | 1443 ||| DROPPING +0 club.
  1830 | D:2      | 1830 ||| READING scroll labelled XAOKHL QUEPN.
  1831 | D:2      | 1831 ||| READING 3 scrolls of identify.
  1831 | D:2      | 1831 ||| IDENTIFYING orange potion
  1832 | D:2      | 1832 ||| READING 2 scrolls of identify.
  1832 | D:2      | 1832 ||| IDENTIFYING glowing silvery potion
  1833 | D:2      | 1833 ||| DROPPING potion of brilliance.
  1834 | D:2      | 1834 ||| DROPPING potion of lignification.
  1878 | D:3      | 1878 ||| PLANNING SEWER
  1905 | D:3      | Found Pacef's General Store.
  1931 | D:3      | 1931 ||| Stepping ~*~*~tactically~*~*~ (stealth).
  1935 | D:3      | 1935 ||| Stepping ~*~*~tactically~*~*~ (stealth).
  1943 | D:3      | 1943 ||| Stepping ~*~*~tactically~*~*~ (stealth).
  1962 | D:3      | Reached skill level 5 in Axes
  2129 | D:3      | 2129 ||| Stepping ~*~*~tactically~*~*~ (stealth).
  2133 | D:3      | Reached skill level 1 in Dodging
  2133 | D:3      | Reached XP level 4. HP: 39/39 MP: 3/3
  2414 | D:3      | Noticed Ijyb
  2418 | D:3      | HP: 6/39 [Ijyb/iceblast (16)]
  2422 | D:3      | Killed Ijyb
  2605 | D:3      | 2605 ||| RIP SEWER
  2666 | D:3      | 2666 ||| PLANNING D:1-11
  2779 | D:3      | Reached skill level 6 in Axes
  2780 | D:3      | Reached XP level 5. HP: 37/45 MP: 4/4
  2844 | D:3      | 2844 ||| DROPPING amulet of faith.
  2845 | D:3      | 2845 ||| READING scroll labelled BEDA ZIUVEOPS.
  2846 | D:3      | 2846 ||| READING scroll labelled TUIL SAIXA.
  2847 | D:3      | 2847 ||| Stepping randomly (stuck).
  2848 | D:3      | 2848 ||| Stepping ~*~*~tactically~*~*~ (cloud).
  3091 | D:4      | 3091 ||| STAIRDANCE
  3107 | D:4      | Found a staircase to the Ecumenical Temple.
  3108 | D:4      | 3108 ||| PLANNING TEMPLE
  3108 | D:4      | 3108 ||| READING 2 scrolls of identify.
  3108 | D:4      | 3108 ||| IDENTIFYING sedimented brown potion
  3117 | Temple   | Entered the Ecumenical Temple
  3217 | Temple   | Became a worshipper of Ru the Awakened
  3350 | Temple   | 3350 ||| PLANNING D:1-11
  3649 | D:4      | 3649 ||| Stepping ~*~*~tactically~*~*~ (hiding).
  3651 | D:4      | 3651 ||| Stepping ~*~*~tactically~*~*~ (hiding).
  3652 | D:4      | 3652 ||| Stepping ~*~*~tactically~*~*~ (hiding).
  3752 | D:4      | 3752 ||| DROPPING +1 whip of venom.
  3755 | D:4      | 3755 ||| DROPPING +0 flail.
  3780 | D:4      | Found a white marble altar of Elyvilon.
  4192 | D:4      | Noticed a black bear
  4201 | D:4      | Killed a black bear
  4202 | D:4      | Reached skill level 7 in Axes
  4202 | D:4      | Reached XP level 6. HP: 32/51 MP: 5/5
  4525 | D:4      | 4525 ||| UPGRADING to +0 chain mail.
  4535 | D:4      | 4535 ||| DROPPING +0 scale mail.
  4536 | D:4      | 4536 ||| DRINKING 2 glowing amethyst potions.
  4537 | D:4      | 4537 ||| READING 2 scrolls of identify.
  4537 | D:4      | 4537 ||| IDENTIFYING coppery potion
  4538 | D:4      | 4538 ||| DROPPING potion of berserk rage.
  4539 | D:4      | 4539 ||| DROPPING potion of magic.
  4563 | D:5      | Entered Level 5 of the Dungeon
  4584 | D:5      | Found a shadowy altar of Dithmenos.
  4586 | D:5      | 4586 ||| INVOKING Sacrifice Nimbleness.
  4586 | D:5      | Gained mutation: You cannot train Dodging skill. [Ru
                  | sacrifice]
  4586 | D:5      | Reached * piety under Ru
  4845 | D:5      | Reached skill level 8 in Axes
  4994 | D:5      | HP: 13/52 [centaur/+2 sling of flaming (1)]
  4995 | D:5      | 4995 ||| DRINKING potion of heal wounds.
  5005 | D:5      | Reached XP level 7. HP: 26/59 MP: 6/6
  5413 | D:5      | 5413 ||| UPGRADING to ring of protection from fire.
  5414 | D:5      | 5414 ||| READING scroll labelled WIORUTZ DUAPNO.
  5415 | D:5      | 5415 ||| READING scroll labelled WYLUOM VIETIH.
  5416 | D:5      | 5416 ||| READING 2 scrolls of identify.
  5416 | D:5      | 5416 ||| IDENTIFYING grey potion
  5461 | D:6      | Reached skill level 9 in Axes
  5724 | D:6      | Found an iron altar of Okawaru.
  5727 | D:6      | Noticed a steam dragon
  5728 | D:6      | 5728 ||| Stepping ~*~*~tactically~*~*~ (hiding).
  5740 | D:6      | Killed a steam dragon
  5741 | D:6      | Reached skill level 10 in Axes
  5745 | D:6      | Reached XP level 8. HP: 42/68 MP: 7/7
  5967 | D:6      | 5967 ||| Stepping ~*~*~tactically~*~*~ (hiding).
  5981 | D:6      | Reached skill level 6 in Fighting
  6063 | D:6      | 6063 ||| Stepping ~*~*~tactically~*~*~ (stealth).
  6071 | D:6      | 6071 ||| FLEEEEING.
  6074 | D:6      | 6074 ||| FLEEEEING.
  6075 | D:6      | 6075 ||| FLEEEEING.
  6076 | D:6      | 6076 ||| FLEEEEING.
  6077 | D:6      | 6077 ||| FLEEEEING.
  6078 | D:6      | 6078 ||| FLEEEEING.
  6079 | D:6      | 6079 ||| FLEEEEING.
  6080 | D:6      | 6080 ||| FLEEEEING.
  6081 | D:6      | 6081 ||| FLEEEEING.
  6082 | D:6      | 6082 ||| FLEEEEING.
  6083 | D:6      | 6083 ||| FLEEEEING.
  6084 | D:6      | 6084 ||| FLEEEEING.
  6085 | D:6      | 6085 ||| FLEEEEING.
  6086 | D:6      | 6086 ||| FLEEEEING.
  6097 | D:6      | 6097 ||| FLEEEEING.
  6098 | D:6      | 6098 ||| FLEEEEING.
  6099 | D:6      | 6099 ||| FLEEEEING.
  6100 | D:6      | 6100 ||| FLEEEEING.
  6101 | D:6      | 6101 ||| FLEEEEING.
  6102 | D:6      | 6102 ||| STAIRDANCE
  6298 | D:5      | 6298 ||| READING 2 scrolls labelled OLEUNUTZ LUCEWN.
  6301 | D:5      | 6301 ||| READING 3 scrolls of identify.
  6301 | D:5      | 6301 ||| IDENTIFYING smoky emerald potion
  6302 | D:5      | 6302 ||| READING 2 scrolls of identify.
  6302 | D:5      | 6302 ||| IDENTIFYING viscous puce potion
  6303 | D:5      | 6303 ||| DROPPING potion of invisibility.
  6329 | D:6      | 6329 ||| STAIRDANCE
  6512 | D:6      | 6512 ||| READING scroll labelled INODUH ZEOXI.
  6589 | D:7      | 6589 ||| FLEEEEING.
  6590 | D:7      | 6590 ||| FLEEEEING.
  6591 | D:7      | 6591 ||| FLEEEEING.
  6592 | D:7      | 6592 ||| FLEEEEING.
  6603 | D:7      | 6603 ||| FLEEEEING.
  6604 | D:7      | 6604 ||| FLEEEEING.
  6605 | D:7      | 6605 ||| FLEEEEING.
  6609 | D:7      | 6609 ||| Stepping ~*~*~tactically~*~*~ (stealth).
  6612 | D:7      | 6612 ||| Stepping ~*~*~tactically~*~*~ (stealth).
  6613 | D:7      | 6613 ||| Stepping ~*~*~tactically~*~*~ (stealth).
  6623 | D:7      | Reached skill level 11 in Axes
  6806 | D:7      | 6806 ||| SWAPPING to +2 war axe.
  6807 | D:7      | 6807 ||| DROPPING +0 vorpal war axe.
  6891 | D:7      | Noticed Menkaure
  6892 | D:7      | 6892 ||| Stepping ~*~*~tactically~*~*~ (hiding).
  6901 | D:7      | Killed Menkaure
  7116 | D:7      | Identified the +11 whip "Toniogry" {flame, Dex+3}
  7208 | D:7      | Found a burning altar of Makhleb.
  7412 | D:7      | Found a stormy altar of Qazlal.
  7416 | D:7      | Reached skill level 12 in Axes
  7680 | D:7      | 7680 ||| UPGRADING to +1 pair of boots.
  7685 | D:7      | 7685 ||| UPGRADING to +0 hat of willpower.
  7690 | D:7      | 7690 ||| UPGRADING to +6 ring of strength.
  7691 | D:7      | 7691 ||| READING scroll labelled WASTRI ANIR.
  7692 | D:7      | 7692 ||| DRINKING 2 amethyst potions.
  7693 | D:7      | 7693 ||| DROPPING potion of attraction.
  7888 | D:8      | Reached XP level 9. HP: 78/79 MP: 8/8
  7896 | D:8      | Identified the +3 short sword "Isofuz" {vorpal, *Noise
                  | Will+++ Str-5 SInv}
  7922 | D:8      | Noticed a two-headed ogre
  7931 | D:8      | Killed a two-headed ogre
  7932 | D:8      | Reached skill level 13 in Axes
  8201 | D:8      | Noticed a two-headed ogre
  8212 | D:8      | Killed a two-headed ogre
  8460 | D:8      | 8460 ||| INVOKING Sacrifice Artifice.
  8460 | D:8      | Gained mutation: You cannot study or use magical devices.
                  | [Ru sacrifice]
  8460 | D:8      | Reached ** piety under Ru
  8460 | D:8      | Reached *** piety under Ru
  8658 | D:8      | 8658 ||| UPGRADING to +4 ring of protection.
  8660 | D:8      | 8660 ||| UPGRADING to ring of see invisible.
  8662 | D:8      | 8662 ||| READING scroll labelled MUAPRE OHEARIA.
  8761 | D:9      | 8761 ||| Stepping ~*~*~tactically~*~*~ (stealth).
  9271 | D:9      | 9271 ||| READING scroll of enchant weapon.
  9271 | D:9      | 9271 ||| ENCHANTING +3 war axe.
  9412 | D:9      | 9412 ||| UPGRADING to +0 cloak.
  9417 | D:9      | 9417 ||| UPGRADING to amulet of the acrobat.
  9422 | D:9      | 9422 ||| DROPPING ring of ice.
  9423 | D:9      | 9423 ||| READING scroll labelled VUUWAET ZIUNADUONT.
  9424 | D:9      | 9424 ||| DRINKING 3 smoky blue potions.
  9425 | D:9      | 9425 ||| DROPPING 2 potions of degeneration.
  9440 | D:10     | Entered Level 10 of the Dungeon
  9440 | D:10     | Noticed a death yak
  9440 | D:10     | Noticed a death yak
  9440 | D:10     | Noticed a death yak
  9440 | D:10     | Found a staircase to the Lair.
  9443 | D:10     | 9443 ||| STAIRDANCE
  9455 | D:9      | Killed a death yak
  9456 | D:9      | Reached XP level 10. HP: 66/88 MP: 9/9
  9550 | D:10     | 9550 ||| STAIRDANCE
  9564 | D:9      | Reached skill level 14 in Axes
  9779 | D:10     | 9779 ||| STAIRDANCE
  9791 | D:9      | Killed a death yak
  9792 | D:9      | Reached skill level 15 in Axes
  9897 | D:10     | Killed a death yak
  9898 | D:10     | Reached skill level 9 in Fighting
  9898 | D:10     | 9898 ||| STAIRDANCE
 10201 | D:10     | 10201 ||| FLEEEEING.
 10202 | D:10     | 10202 ||| FLEEEEING.
 10203 | D:10     | 10203 ||| FLEEEEING.
 10204 | D:10     | 10204 ||| FLEEEEING.
 10205 | D:10     | 10205 ||| FLEEEEING.
 10206 | D:10     | 10206 ||| FLEEEEING.
 10207 | D:10     | 10207 ||| FLEEEEING.
 10208 | D:10     | 10208 ||| FLEEEEING.
 10215 | D:10     | 10215 ||| FLEEEEING.
 10216 | D:10     | 10216 ||| Stepping ~*~*~tactically~*~*~ (hiding).
 10217 | D:10     | 10217 ||| FLEEEEING.
 10218 | D:10     | 10218 ||| Stepping ~*~*~tactically~*~*~ (hiding).
 10364 | D:10     | 10364 ||| Stepping ~*~*~tactically~*~*~ (stealth).
 10440 | D:10     | Reached skill level 16 in Axes
 10451 | D:10     | Reached skill level 6 in Shields
 10647 | D:10     | Found a staircase to the Orcish Mines.
 10755 | D:10     | Found Munit's Weapon Boutique.
 10774 | D:10     | Reached XP level 11. HP: 75/97 MP: 10/10
 11009 | D:10     | 11009 ||| PLANNING LAIR
 11009 | D:10     | 11009 ||| DROPPING orb of wrath.
 11028 | Lair:1   | Entered Level 1 of the Lair of Beasts
 11049 | Lair:1   | HP: 24/97 [poisoned by a black mamba]
 11526 | Lair:1   | 11526 ||| Stepping ~*~*~tactically~*~*~ (stealth).
 11527 | Lair:1   | 11527 ||| Stepping ~*~*~tactically~*~*~ (stealth).
 11528 | Lair:1   | 11528 ||| Stepping ~*~*~tactically~*~*~ (stealth).
 11556 | Lair:1   | Reached skill level 17 in Axes
 11679 | Lair:1   | 11679 ||| INVOKING Reject Sacrifices.
 11921 | Lair:1   | Noticed a catoblepas
 11922 | Lair:1   | 11922 ||| Stepping ~*~*~tactically~*~*~ (hiding).
 11928 | Lair:1   | 11928 ||| Stepping ~*~*~tactically~*~*~ (cloud).
 11934 | Lair:1   | 11934 ||| Stepping randomly (cloudy).
 11959 | Lair:1   | HP: 23/97 [catoblepas (3)]
 11960 | Lair:1   | 11960 ||| READING 6 scrolls of teleportation.
 11961 | Lair:1   | 11961 ||| INVOKING Draw Out Power.
 11962 | Lair:1   | 11962 ||| DRINKING 2 potions of heal wounds.
 12164 | Lair:1   | 12164 ||| Stepping ~*~*~tactically~*~*~ (stealth).
 12238 | Lair:1   | 12238 ||| Stepping ~*~*~tactically~*~*~ (stealth).
 12538 | Lair:1   | 12538 ||| Stepping ~*~*~tactically~*~*~ (stealth).
 12693 | Lair:1   | 12693 ||| Stepping ~*~*~tactically~*~*~ (stealth).
 12746 | Lair:1   | 12746 ||| Stepping ~*~*~tactically~*~*~ (stealth).
 12747 | Lair:1   | 12747 ||| Stepping ~*~*~tactically~*~*~ (stealth).
 12749 | Lair:1   | 12749 ||| Stepping ~*~*~tactically~*~*~ (stealth).
 12887 | Lair:1   | 12887 ||| Stepping ~*~*~tactically~*~*~ (stealth).
 13046 | Lair:1   | 13046 ||| Stepping ~*~*~tactically~*~*~ (stealth).
 13188 | Lair:1   | 13188 ||| Stepping ~*~*~tactically~*~*~ (cloud).
 13193 | Lair:1   | 13193 ||| Stepping ~*~*~tactically~*~*~ (cloud).
 13195 | Lair:1   | 13195 ||| Stepping ~*~*~tactically~*~*~ (cloud).
 13198 | Lair:1   | 13198 ||| Stepping ~*~*~tactically~*~*~ (cloud).
 13203 | Lair:1   | Killed a catoblepas
 13447 | Lair:1   | Identified the +1 leather armour of Conscience {Int+4}
 13601 | Lair:2   | Noticed a five-headed hydra
 13601 | Lair:2   | Noticed a lindwurm
 13602 | Lair:2   | 13602 ||| PLANNING GAUNTLET
 13603 | Lair:2   | 13603 ||| SWAPPING to +1 flail of protection.
 13605 | Lair:2   | 13605 ||| Stepping ~*~*~tactically~*~*~ (outnumbered).
 13611 | Lair:2   | 13611 ||| Stepping ~*~*~tactically~*~*~ (outnumbered).
 13612 | Lair:2   | 13612 ||| Stepping ~*~*~tactically~*~*~ (outnumbered).
 13614 | Lair:2   | HP: 24/102 [five-headed hydra (8)]
 13615 | Lair:2   | 13615 ||| READING 5 scrolls of teleportation.
 13615 | Lair:2   | HP: 2/102 [lindwurm/blast of flame (22)]
 13616 | Lair:2   | 13616 ||| INVOKING Draw Out Power.
 13617 | Lair:2   | 13617 ||| DRINKING potion of heal wounds.
 13618 | Lair:2   | 13618 ||| Stepping ~*~*~tactically~*~*~ (outnumbered).
 13619 | Lair:2   | 13619 ||| SWAPPING to +4 war axe.
 13626 | Lair:2   | 13626 ||| Stepping ~*~*~tactically~*~*~ (hiding).
 13626 | Lair:2   | Noticed a four-headed hydra
 13627 | Lair:2   | 13627 ||| FLEEEEING.
 13628 | Lair:2   | 13628 ||| Stepping ~*~*~tactically~*~*~ (hiding).
 13629 | Lair:2   | 13629 ||| FLEEEEING.
 13629 | Lair:2   | Killed from afar by a lindwurm

Levels and vault maps discovered:
D:1:      roderic_octagonal_star, layout_loops_ring, serial_shops,
          nicolae_shop_advertising_works [nicolae_subvault_shop_adworks],
          chequers_ecumenical_altar_simple
D:2:      layout_loops_ring, serial_shops, nicolae_shop_crystal
D:3:      cheibrodos_old_hovel, layout_basic, serial_shops,
          nicolae_shop_waterfront, gup_sewer_entry_bubbles, uniq_ijyb
D:4:      layout_layer_cave, mainiacjoe_overflow_24_doors,
          minmay_temple_entry_junction_2
D:5:      layout_gridville, mainiacjoe_overflow_catwalk
D:6:      layout_rooms, okawaru_metal_pillars_3
D:7:      layout_loops_corners, mainiacjoe_overflow_big_doors, uniq_menkaure
D:8:      layout_basic
D:9:      layout_basic, serial_curves, eino_curves_04, eino_curves_02,
          minmay_tree_intersection
D:10:     layout_roguey, dpeg_lair_monsters, orc_0_dummy, serial_shops, shop
Temple:   minmay_temple_bridge_d
Lair:1:   layout_chaotic_city, chequers_serial_rivers_micro_a
Lair:2:   layout_chaotic_city, minmay_snake_entry_six_corridors,
          gauntlet_entry_generic, grunt_megastairs_5

Skill      XL: |  1  2  3  4  5  6  7  8  9 10 11 |
---------------+----------------------------------+-----
Axes           | 3 4 5 6 7 8 10 12 13 16 17 | 17.1
Dodging        | 1 0 |  0.0
Fighting       | 4 5 7 8 9 11 | 11.1
Throwing       | 2 |  2.0
Shields        | 4 5 6 7 |  7.2
Armour         | 4 7 8 |  8.5

Action                   |  1- 3 |  4- 6 |  7- 9 | 10-12 || total
-------------------------+-------+-------+-------+-------++-------
Melee: War axe           |    99 |    87 |   152 |   243 ||   581
       Headbutt          |    11 |    11 |    28 |    53 ||   103
       Flail             |       |       |       |     7 ||     7
Throw: Boomerang         |    12 |    51 |    38 |    70 ||   171
Invok: Sacrifice Nimblen |       |     1 |       |       ||     1
       Sacrifice Artific |       |       |     1 |       ||     1
       Draw Out Power    |       |       |       |     2 ||     2
       Reject Sacrifices |       |       |       |     1 ||     1
  Use: Scroll            |     7 |     4 |    11 |     2 ||    24
       Potion            |     1 |     2 |     2 |     2 ||     7
 Stab: Distracted        |       |       |     1 |       ||     1
       Invisible         |       |       |       |     6 ||     6
Armor: Scale mail        |    41 |    19 |       |       ||    60
       Chain mail        |       |    23 |    63 |   103 ||   189
Dodge: Dodged            |    38 |    42 |    41 |    60 ||   181
Block: Buckler           |    22 |    12 |    31 |    43 ||   108

Table legend:
 A = Non-vault XP
 B = Vault XP
 C = Vault XP percentage of total XP
 D = Non-vault monster count
 E = Vault monster count
 F = Vault count percentage of total count
                 A         B        C        D         E       F
            +---------+---------+-------+---------+---------+-------
      Total |   15404 |    3566 |  18.8 |     175 |      18 |   9.3
            +---------+---------+-------+---------+---------+-------
        D:1 |      43 |       0 |   0.0 |      25 |       0 |   0.0
        D:2 |      21 |       0 |   0.0 |      12 |       0 |   0.0
        D:3 |      43 |      95 |  68.8 |      15 |       9 |  37.5
        D:4 |     230 |       0 |   0.0 |      15 |       0 |   0.0
        D:5 |     404 |       0 |   0.0 |      14 |       0 |   0.0
        D:6 |     847 |       0 |   0.0 |      24 |       0 |   0.0
        D:7 |     682 |     169 |  19.9 |       9 |       1 |  10.0
        D:8 |    2008 |       0 |   0.0 |       9 |       0 |   0.0
        D:9 |     546 |    2487 |  82.0 |       8 |       7 |  46.7
       D:10 |    3318 |     815 |  19.7 |      21 |       1 |   4.5
     Lair:1 |    7262 |       0 |   0.0 |      23 |       0 |   0.0
            +---------+---------+-------+---------+---------+-------
